 Dungeon Crawl Stone Soup version 0.29.1-2-gbd0b4ee654 (webtiles) character file.

Game seed: 7278139220249396322

376 Sabo the Ducker (level 6, 0/61 HPs)
             Began as a Troll Berserker on Nov 14, 2022.
             Was a Believer of Trog.
             Slain by an ogre
             ... wielding a +0 giant club
              (29 damage)
             ... on level 4 of the Dungeon.
             The game lasted 00:17:22 (3426 turns).

Sabo the Ducker (Troll Berserker)                   Turns: 3426, Time: 00:17:22

Health: 0/61       AC:  5    Str: 28    XL:     6   Next: 44%
Magic:  5/5        EV: 10    Int:  3    God:    Trog [**....]
Gold:   226        SH:  0    Dex:  9    Spells: 5/5 levels left

rFire   . . .      SeeInvis .   d - +2 whip (vamp)
rCold   . . .      Faith    .   (no shield)
rNeg    . . .      Spirit   .   j - +0 robe
rPois   .          Reflect  .   (helmet restricted)
rElec   .          Harm     .   a - +0 cloak
rCorr   .          Rampage  .   (gloves unavailable)
Will    +....                   (boots unavailable)
Stlth   +.........              i - amulet of regeneration
HPRegen 1.80/turn               e - ring of willpower
MPRegen 0.09/turn               (no ring)

@: no status effects
A: large, unfitting armour, claws 3, regeneration 1, shaggy fur 1, tough skin 1
a: Renounce Religion, Berserk, Trog's Hand


You were on level 4 of the Dungeon.
You worshipped Trog.
Trog was pleased with you.
You visited 1 branch of the dungeon, and saw 4 of its levels.

You collected 226 gold pieces.

Inventory:

Hand Weapons
 d - a +2 vampiric whip (weapon)
 m - a +4 dagger
 n - a +2 dagger of holy wrath
 q - a +0 war axe
Missiles
 l - 6 poisoned darts (quivered)
Armour
 a - a +0 cloak (worn)
 j - a +0 robe (worn)
Jewellery
 e - a ring of willpower (left claw)
 i - an amulet of regeneration (around neck)
 k - an amulet of the acrobat
Scrolls
 c - a scroll of fear
 o - 2 scrolls of immolation {unknown}
 p - a scroll of enchant weapon {unknown}
Potions
 b - a potion of lignification {unknown}
 f - a potion of resistance {unknown}
 g - a potion of magic {unknown}
 h - 2 potions of curing {unknown}


   Skills:
 + Level 3.5 Fighting
 + Level 0.8 Short Blades
 + Level 3.4(3.8) Axes
 + Level 2.6(3.6) Maces & Flails
 + Level 3.7 Dodging
 + Level 0.3 Stealth


You had 5 spell levels left.
You didn't know any spells.
Your spell library was empty.

Dungeon Overview and Level Annotations

Branches:
Dungeon (4/15)
 Temple: D:4-7

Altars:
Elyvilon
Kikubaaqudgha

Shops:
D:2 ?


Innate Abilities, Weirdness & Mutations

You are too large for most types of armour.
You have claws for hands.
Your natural rate of healing is unusually fast.
You are covered in fur. (AC +1)
You have tough skin. (AC +1)


Message History

The iguana bites you.
You hit the iguana.
The iguana is severely wounded.
The iguana bites you!
You whack the iguana!
You feel better.
You kill the iguana!
Trog accepts your kill.
You see here an iguana corpse.
You start resting.
HP restored.
You see here an iguana corpse.
Found a scroll labelled RYJI TISYSEMMU.
Found a stone staircase leading down.
o - 2 scrolls labelled RYJI TISYSEMMU (gained 1)
There is a stone staircase leading down here.
An ogre comes into view. It is wielding a +0 giant club.
The ogre barely misses you.
You hit the ogre.
The ogre is lightly wounded.
The ogre closely misses you.
You hit the ogre.
The ogre is moderately wounded.
You hit the ogre.
The ogre is moderately wounded.
The ogre hits you with a +0 giant club!!
Ouch! That really hurt!
You whack the ogre!
The ogre is severely wounded.
You hit the ogre.
You feel better.
The ogre is severely wounded.
The ogre barely misses you.
You hit the ogre.
You feel better.
The ogre is almost dead.
The ogre hits you with a +0 giant club!
You hit the ogre but do no damage.
The ogre is severely wounded.
You hit the ogre.
You feel better.
The ogre is almost dead.
The ogre hits you with a +0 giant club!!
You die...

#############....####.......# >
# ##.#.##...######## #. #
########.#.##.#.# #. .. #
#........#.##.#.# #.#..
#######.########.##.#.# ...
......#.# #.##.#.# #.# #####.#.#
#.##...########.## #.#.#
#O##.............#
####.#.########@##.#####.#####.#
##...............##.# #.# #..
...##.#.###########.# #.# #..
#####....# #.# #.# #.. ##....#
#.# #.#####.# ##.#...# #.#
#....)..# ##.###.#####
##..##########.## #.## ##>...#
#.#.......# #.#
##.###.###.######(.#####.####.##


You could see an ogre.

Vanquished Creatures
  2 scorpions (D:4)
  2 iguanas
  An orc priest (D:3)
  5 adders
  3 gnolls (D:3)
  2 ufetubi (D:4)
  2 dart slugs
  8 orcs (D:3)
  4 endoplasms
  10 goblins
  5 hobgoblins
  8 jackals
  2 quokkas
  8 ball pythons
  6 bats
  5 frilled lizards (D:1)
  5 kobolds
  3 rats
81 creatures vanquished.

Notes
Turn   | Place    | Note
-------+----------+-------------------------------------------
     0 | D:1      | Sabo the Troll Berserker began the quest for the Orb.
     0 | D:1      | Reached XP level 1. HP: 22/22 MP: 0/0
     4 | D:1      | Noticed an electric eel
   292 | D:1      | Reached XP level 2. HP: 29/29 MP: 1/1
   896 | D:1      | Found a faded altar of an unknown god.
  1257 | D:2      | Reached XP level 3. HP: 36/36 MP: 2/2
  1592 | D:2      | Found Qequp's Magic Scroll Shoppe.
  1623 | D:2      | Reached ** piety under Trog
  2002 | D:2      | Reached XP level 4. HP: 42/44 MP: 3/3
  2375 | D:3      | Reached XP level 5. HP: 31/53 MP: 4/4
  2543 | D:3      | Reached skill level 1 in Maces & Flails
  2649 | D:3      | Found a white marble altar of Elyvilon.
  2665 | D:3      | Found an ancient bone altar of Kikubaaqudgha.
  2981 | D:4      | Reached XP level 6. HP: 39/61 MP: 5/5
  3426 | D:4      | Slain by an ogre

Illustrated notes

Levels and vault maps discovered:
D:1:      arrival_aquarium_a, layout_basic,
          shapermc_ecumenical_altar_mp_highgroup
D:2:      minmay_inner_zag, layout_basic, serial_shops, shop
D:3:      layout_basic, mainiacjoe_overflow_catwalk_spiral
D:4:      layout_loops_ring

Skill      XL: |  1  2  3  4  5 |
---------------+----------------+-----
Axes           | 3 |  3.4
Dodging        | 3 |  3.7
Fighting       | 3 |  3.5
Maces & Flails | 2 |  2.6
Short Blades   | |  0.8
Stealth        | |  0.3

Action                   |  1- 3 |  4- 6 || total
-------------------------+-------+-------++-------
Melee: Hand axe          |   123 |     2 ||   125
       Punch             |     1 |     3 ||     4
       Whip              |       |   172 ||   172
       Dagger            |       |    29 ||    29
Invok: Berserk           |       |     1 ||     1
  Use: Scroll            |     2 |     2 ||     4
Armor: Animal skin       |    28 |       ||    28
       Robe              |    38 |    71 ||   109
Dodge: Dodged            |    63 |   142 ||   205
